 Dungeon Crawl Stone Soup version 0.32-a0-17-gb74e046682 (webtiles) character file.

Game seed: 3926601283655533846

87736 Lobster4 the Metamorph (level 15, 0/120 HPs)
             Began as a Merfolk Shapeshifter on Jan 15, 2024.
             Was a Follower of Uskayaw.
             Killed from afar by a swamp worm (11 damage)
             ... with a harpoon shot
             ... on level 1 of the Lair of Beasts.
             The game lasted 01:48:53 (32828 turns).

Lobster4 the Metamorph (Merfolk Shapeshifter)      Turns: 32828, Time: 01:48:53

Health: 0/120      AC: 10    Str: 17    XL:     15   Next: 91%
Magic:  0/22       EV: 20    Int: 13    God:    Uskayaw [*.....]
Gold:   1024       SH:  0    Dex: 15    Spells: 16/24 levels left

rFire   + .          .
                       - Unarmed
rCold   + . .        (shield currently unavailable)
rNeg    . . .        t - +0 leather armour of Deunotz {rF+ rC+}
rPois   +            Q - +1 helmet
rElec   +            P - +1 cloak
rCorr   .            e - melded +1 pair of gloves
SInv    +            L - +1 pair of boots
Will    +....        S - amulet of guardian spirit
Stlth   ++           F - ring of see invisible
HPRegen 0.40/turn    A - ring of poison resistance
MPRegen 0.18/turn

%: guardian spirit
@: lethally poisoned (0 -> -27), blade hands
A: (nimble swimmer 2), mertail
a: Begin Untransformation, Renounce Religion, Stomp


You were on level 1 of the Lair of Beasts.
You worshipped Uskayaw.
Uskayaw was noncommittal.
You had blades for hands.
You visited 4 branches of the dungeon, and saw 23 of its levels.

You collected 1638 gold pieces.
You spent 614 gold pieces at shops.

Inventory:

Hand Weapons
 w - a +1 shortbow
 M - the +1 glaive "Sudeann" {venom, Str+4 Int+2}
   (You bought it in a shop on level 13 of the Dungeon)

   Str+4:     It affects your strength (+4).
   Int+2:     It affects your intelligence (+2).
Missiles
 f - 53 poisoned darts (quivered)
 r - 3 throwing nets
 x - 8 datura-tipped darts
 N - 2 curare-tipped darts
Armour
 e - a +1 pair of gloves (melded)
 t - the +0 leather armour of Deunotz (worn) {rF+ rC+}
   (You found it on level 12 of the Dungeon)

   rF+:       It protects you from fire.
   rC+:       It protects you from cold.
 u - +0 steam dragon scales
 L - a +1 pair of boots (worn)
 O - the +8 chain mail of the Fife {rElec Str+2}
   (You found it on level 11 of the Dungeon)

   Str+2:     It affects your strength (+2).
   rElec:     It insulates you from electricity.
 P - a +1 cloak (worn)
 Q - a +1 helmet (worn)
Jewellery
 m - a +6 ring of strength
 A - a ring of poison resistance (right blade hand)
 F - a ring of see invisible (left blade hand)
 I - a ring of willpower
 S - an amulet of guardian spirit (around neck)
 U - a ring of fire
Talismans
 c - a beast talisman
 d - a flux talisman
 i - the blade talisman of Sif Muna's Inspiration (active) {rElec}
   (You found it on level 15 of the Dungeon)

   [blade talisman]

   rElec:     It insulates you from electricity.
 s - a serpent talisman
 B - a maw talisman
Wands
 g - a wand of iceblast (14)
 D - a wand of quicksilver (11)
 G - a wand of digging (7)
 W - a wand of paralysis (19)
Scrolls
 a - 5 scrolls of fear
 o - 5 scrolls of enchant weapon
 y - a scroll of immolation
 C - a scroll of enchant armour
 K - 6 scrolls of teleportation
 R - 2 scrolls of amnesia
 V - a scroll of fog
 Y - a scroll of poison
 Z - a scroll of revelation
Potions
 b - 3 potions of lignification
 h - 6 potions of haste
 j - 2 potions of attraction
 k - 3 potions of brilliance
 l - 2 potions of cancellation
 n - a potion of invisibility
 p - a potion of resistance
 q - 4 potions of mutation
 v - 2 potions of ambrosia
 E - 2 potions of enlightenment
 H - a potion of heal wounds
 J - 3 potions of might
 T - 3 potions of curing
 X - 2 potions of berserk rage


   Skills:
 + Level 11.9 Fighting
 + Level 0.4 Polearms
 - Level 1.0 Throwing
 - Level 4.0 Armour
 + Level 16.6 Dodging
 - Level 4.0 Stealth
 + Level 11.8 Unarmed Combat
 - Level 5.0 Spellcasting
 - Level 3.0 Conjurations
 - Level 4.0 Translocations
 - Level 5.0 Invocations
 - Level 3.0 Evocations
 + Level 19.4 Shapeshifting


You had 16 spell levels left.
You knew the following spells:

 Your Spells              Type           Power      Damage    Failure   Level
a - Lesser Beckoning      Tloc           26%        N/A       6%          2
b - Momentum Strike       Conj/Tloc      24%        3d8       8%          2
c - Searing Ray           Conj           22%        2d5       10%         2
x - Blink                 Tloc           26%        N/A       6%          2

Your spell library contained the following spells:

 Spells                   Type           Power      Damage    Failure   Level
 Magic Dart               Conj           44%        1d5       6%          1
 Kiss of Death            Conj/Necr      28%        2d7       12%         1
 Volatile Blastmotes      Fire/Tloc      16%        2d11      28%         3
 Call Imp                 Summ           6%         N/A       32%         2
 Ensorcelled Hibernation  Hex/Ice        6%         N/A       32%         2
 Jinxbite                 Hex            6%         N/A       32%         2
 Sublimation of Blood     Necr           3%         N/A       32%         2
 Dazzling Flash           Conj/Hex       14%        N/A       34%         3
 Stone Arrow              Conj/Erth      14%        3d7       34%         3
 Mephitic Cloud           Conj/Alch/Air  5%         N/A       41%         3
 Confusing Touch          Hex            3%         N/A       54%         3
 Passwall                 Erth           3%         N/A       54%         3
 Swiftness                Air            3%         N/A       54%         3
 Fulminant Prism          Conj/Alch      3%         3d5       75%         4
 Anguish                  Hex/Necr       1%         N/A       91%         4
 Animate Armour           Summ/Erth      6%         N/A       91%         4
 Cause Fear               Hex            1%         N/A       91%         4
 Dispel Undead            Necr           3%         3d7       91%         4
 Summon Forest            Summ/Tloc      4%         N/A       95%         5
 Curse of Agony           Necr           3%         N/A       99%         5
 Silence                  Hex/Air        1%         N/A       99%         5
 Yara's Violent Unravell  Hex/Alch       1%         3d3       99%         5
 Eringya's Noxious Bog    Alch           1%         4d6       100%        6
 Starburst                Conj/Fire      3%         6d3       100%        6
 Enfeeble                 Hex            1%         N/A       100%        7
 Summon Hydra             Summ           1%         N/A       100%        7
 Lehudib's Crystal Spear  Conj/Erth      3%         10d3      100%        8
 Maxwell's Capacitive Co  Air            1%         ∞         100%        8


Dungeon Overview and Level Annotations

Branches:
Dungeon (15/15)            Temple (1/1) D:6            Lair (5/5) D:11
  Swamp (0/4) Lair:2       Spider (0/4) Lair:2        Slime (0/5) Lair:5
    Orc (2/2) D:10         Vaults (0/5) D:13         Depths (0/4) D:15
    Elf: Orc:2

Altars:
Ashenzari
Cheibriados
Dithmenos
Elyvilon
Fedhas
Gozag
Hepliaklqana
Kikubaaqudgha
Makhleb
Nemelex Xobeh
Okawaru
Qazlal
Ru
Sif Muna
Trog
Uskayaw
Vehumet
Wu Jian
Xom
Yredelemnul
Zin
The Shining One
Jiyva

Shops:
D:5 !   D:9 (   D:13 *   D:15 ?

Annotations:
D:14 5 transporters
Lair:1 1 transporter
Lair:4 1 exclusion


Innate Abilities, Weirdness & Mutations

You have blades for hands.
You are incapable of wielding weapons or throwing items.
((You are very nimble when in or above water. (Stealth+, EV+, Speed+++)))
Your lower body shifts to a powerful aquatic tail in water.


Message History

* * * LOW HITPOINT WARNING * * *
The swamp worm fires a harpoon shot at you.
The harpoon shot hits you.
* * * LOW HITPOINT WARNING * * *
You are yanked forward by the harpoon shot.
You collide with the briar patch!
The briar patch is destroyed!
You feel much better.
The swamp worm fires a harpoon shot at you.
The harpoon shot misses you.
The swamp worm fires a harpoon shot at you.
The harpoon shot misses you.
Blink to where?
Press: ? - help, Dir - move target
As you read the scroll of blinking, it crumbles to dust.
You are engulfed in dark miasma.
The swamp worm fires a harpoon shot at you.
The harpoon shot hits you!!
* * * LOW HITPOINT WARNING * * *
You are yanked forward by the harpoon shot.
You collide with the briar patch!
The briar patch is almost destroyed.
* * * LOW HITPOINT WARNING * * *
The swamp worm fires a harpoon shot at you.
The harpoon shot misses you.
You feel much better.
You are engulfed in dark miasma.
You are poisoned.
* * * LOW HITPOINT WARNING * * *
x2 You feel very sick.
The swamp worm fires a harpoon shot at you.
The harpoon shot misses you.
The swamp worm fires a harpoon shot at you.
The harpoon shot misses you.
You open the door.
You are engulfed in dark miasma.
You are lethally poisoned!
* * * LOW HITPOINT WARNING * * *
You feel extremely sick.
The swamp worm fires a harpoon shot at you.
The harpoon shot hits you!
You die...

...........## #......##
...........##### ##.....##
...........##..###....###
.................†....#
.........#########...##
.........##w#w#w##....#
........##≈≈≈§#≈≈####.####
........#PP.PP☼PP#/[#..#.##
.##....©#©§§^^^^@'!©#©..#.##
..#.....#PPPP☼PPP#:=#......#####
........##§§§#≈≈≈####.......##.##
.........#♣#w#w#w#...............
.....[...#########...............
.................................
#........................†.......
#................................
.................................


You could see 6 swamp worms.

Vanquished Creatures
  2 very ugly things (D:15)
  A great orb of eyes (D:15)
  4 hydras
  2 ogre magi
  2 boulder beetles
  9 centaur warriors
  A death yak (Lair:1)
  6 two-headed ogres
  Urug (Lair:4)
  A skeletal warrior (D:13)
  A skyshark (Lair:4)
  A sixfirhy (D:9)
  An orb spider (shapeshifter) (D:15)
  A bog body (Lair:2)
  An orc knight (D:13)
  A cyclops (D:15)
  2 oklob plants (D:11)
  18 ugly things
  A deep elf pyromancer (D:12)
  4 manticores
  26 elephants
  Joseph (D:7)
  3 black mambas
  21 cane toads
  A gargoyle (D:12)
  2 unseen horrors (D:11)
  2 torpor snails
  4 centaur skeletons (D:13)
  Maggie (D:7)
  3 rime drakes
  A kobold demonologist (D:13)
  An efreet (D:15)
  The ghost of Driedwater the Sneak, a novice OpCj (D:5)
  A komodo dragon (shapeshifter) (D:14)
  10 komodo dragons
  Psyche (D:7)
  5 trolls
  2 polar bears
  3 tyrant leeches
  25 blink frogs
  A hornet (D:7)
  18 dream sheep
  3 shadows
  A centaur simulacrum (D:14)
  5 slime creatures (D:15)
  2 wraiths (D:12)
  Sigmund (D:6)
  12 wyverns
  64 yaks
  Eustachio (D:4)
  5 basilisks
  2 redbacks (Lair:2)
  10 vampire mosquitoes
  4 steam dragons
  Menkaure (D:7)
  5 acid dragons
  9 water moccasins
  5 sky beasts
  2 orc warriors
  A black bear (D:5)
  9 centaurs
  6 wolves (Lair:2)
  3 boggarts (D:15)
  5 ogres
  3 phantoms
  8 kobold brigands
  Blork the orc (D:6)
  16 bullfrogs
  2 gnoll sergeants (D:12)
  2 scorpions
  9 wights
  6 killer bees (D:11)
  2 electric eels (Lair:5)
  3 howler monkeys
  2 vampire bats
  3 bombardier beetles
  2 jellies
  2 hounds
  7 orc priests
  Crazy Yiuf (D:3)
  8 iguanas
  2 sleepcaps
  Jessica (D:1)
  15 orc wizards
  14 gnolls
  6 adders
  A shadow imp (D:7)
  2 white imps
  2 ribbon worms
  3 dart slugs
  26 orcs
  6 endoplasms
  4 giant cockroaches
  11 goblins
  8 hobgoblins
  3 jackals (D:1)
  21 kobolds
  3 quokkas
  5 ball pythons
  5 bats
  3 frilled lizards
  3 rats
570 creatures vanquished.

Vanquished Creatures (others)
  A two-headed ogre (D:14)
  A sky beast (D:10)
  A howler monkey (D:7)
3 creatures vanquished.

Grand Total: 573 creatures vanquished

Notes
Turn   | Place    | Note
-------+----------+-------------------------------------------
     0 | D:1      | Lobster4 the Merfolk Shapeshifter began the quest for the
                  | Orb.
     0 | D:1      | Reached XP level 1. HP: 15/15 MP: 1/1
   126 | D:1      | Reached XP level 2. HP: 13/21 MP: 2/2
   365 | D:1      | Reached skill level 5 in Shapeshifting
   675 | D:1      | Reached XP level 3. HP: 26/26 MP: 3/3
   978 | D:2      | Noticed Jessica
   987 | D:1      | Killed Jessica
   988 | D:1      | Reached skill level 6 in Shapeshifting
   988 | D:1      | Reached XP level 4. HP: 12/32 MP: 4/4
  2125 | D:3      | Found a runed translucent door.
  2126 | D:3      | Noticed Crazy Yiuf
  2454 | D:3      | Reached skill level 7 in Shapeshifting
  2454 | D:3      | Reached XP level 5. HP: 19/37 MP: 5/5
  2938 | D:3      | Reached XP level 6. HP: 8/43 MP: 6/6
  3274 | D:4      | Reached skill level 1 in Stealth
  3512 | D:4      | Reached skill level 8 in Shapeshifting
  3692 | D:4      | Reached skill level 1 in Armour
  3694 | D:4      | Reached XP level 7. HP: 49/50 MP: 7/7
  4067 | D:4      | Noticed Eustachio
  4096 | D:4      | Killed Eustachio
  4446 | D:5      | Entered Level 5 of the Dungeon
  4446 | D:5      | Found Fyicsok's Distillery.
  4449 | D:5      | Bought a potion of degeneration for 14 gold pieces
  4452 | D:5      | Bought a potion of berserk rage for 70 gold pieces
  4452 | D:5      | Bought a potion of attraction for 42 gold pieces
  4621 | D:5      | Found a runed translucent door.
  4621 | D:5      | Noticed Driedwater's ghost (novice OpCj)
  4774 | D:5      | Found an opulent altar of Gozag.
  4824 | D:5      | Reached skill level 5 in Dodging
  4824 | D:5      | Reached XP level 8. HP: 60/60 MP: 8/8
  4842 | D:5      | Reached skill level 5 in Unarmed Combat
  5074 | D:5      | Reached skill level 9 in Shapeshifting
  5076 | D:5      | Reached skill level 1 in Throwing
  5402 | D:5      | Learned a level 2 spell: Blink
  5504 | D:6      | Noticed Blork the orc
  5513 | D:6      | Killed Blork the orc
  5721 | D:5      | Reached skill level 1 in Spellcasting
  5721 | D:5      | Reached skill level 1 in Translocations
  6105 | D:6      | Reached XP level 9. HP: 51/66 MP: 10/10
  6428 | D:6      | Found a staircase to the Ecumenical Temple.
  6433 | Temple   | Entered the Ecumenical Temple
  6446 | Temple   | Became a worshipper of Uskayaw the Reveller
  6494 | D:6      | Reached skill level 5 in Fighting
  6513 | D:6      | Reached * piety under Uskayaw
  6542 | D:6      | Noticed Sigmund
  6547 | D:6      | Reached ** piety under Uskayaw
  6553 | D:6      | Killed Sigmund
  6739 | D:7      | Reached skill level 1 in Invocations
  6820 | D:7      | Noticed Maggie
  6907 | D:7      | Reached *** piety under Uskayaw
  7050 | D:7      | Found an ornate altar of the Wu Jian Council.
  7106 | D:7      | Reached skill level 1 in Evocations
  7215 | D:7      | Noticed Joseph
  7235 | D:7      | Killed Joseph
  7633 | D:7      | Noticed Menkaure
  7646 | D:7      | Killed Menkaure
  7875 | D:8      | Noticed Psyche
  7876 | D:8      | Noticed a hornet
  7934 | D:8      | Reached XP level 10. HP: 48/74 MP: 14/14
  7941 | D:8      | Reached **** piety under Uskayaw
  8044 | D:7      | HP: 4/109 [wyvern (5)]
  8309 | D:8      | Reached skill level 10 in Shapeshifting
  8319 | D:8      | Found a glowing silver altar of Zin.
  8443 | D:7      | Killed Psyche
  8863 | D:8      | Found a sacrificial altar of Ru.
  9424 | D:9      | Reached ***** piety under Uskayaw
  9669 | D:9      | Found Plog's Antique Weapon Boutique.
  9707 | D:9      | Found a runed translucent door.
  9707 | D:9      | Noticed a sixfirhy
  9922 | D:9      | Identified the +2 long sword "Yvoed" {spect, *Rage +Blink
                  | Str-5 SInv}
 10065 | D:9      | Noticed a two-headed ogre
 10089 | D:9      | Noticed a centaur warrior
 10121 | D:9      | Noticed a two-headed ogre
 10302 | D:3      | Killed Crazy Yiuf
 10654 | D:8      | Killed a two-headed ogre
 10655 | D:8      | Reached skill level 5 in Invocations
 10655 | D:8      | Reached skill level 11 in Shapeshifting
 10655 | D:8      | Reached XP level 11. HP: 66/79 MP: 15/15
 10741 | D:9      | Found a burning altar of Makhleb.
 10823 | D:9      | Killed a two-headed ogre
 11127 | D:9      | Killed a centaur warrior
 11270 | D:9      | Found a hazy altar of Hepliaklqana.
 11384 | D:10     | Entered Level 10 of the Dungeon
 11409 | D:10     | Noticed a two-headed ogre
 11417 | D:10     | Killed a two-headed ogre
 11418 | D:10     | Reached skill level 10 in Dodging
 12354 | D:10     | Found a staircase to the Orcish Mines.
 12387 | D:10     | Reached skill level 12 in Shapeshifting
 12679 | D:10     | Noticed a two-headed ogre
 12699 | D:10     | Killed a two-headed ogre
 12840 | D:10     | Found a basalt altar of Yredelemnul.
 12868 | D:10     | Found a stormy altar of Qazlal.
 13545 | D:11     | Found a staircase to the Lair.
 13546 | D:11     | Noticed an oklob plant
 13674 | D:11     | Noticed an oklob plant
 13676 | D:11     | Noticed a boulder beetle
 13690 | D:11     | Killed a boulder beetle
 13695 | D:11     | Identified the +8 chain mail of the Fife {rElec Str+2}
 13922 | D:11     | Reached skill level 10 in Unarmed Combat
 13922 | D:11     | Reached XP level 12. HP: 70/89 MP: 16/16
 14334 | D:11     | Noticed a two-headed ogre
 14341 | D:11     | Killed a two-headed ogre
 14736 | D:11     | Reached skill level 13 in Shapeshifting
 15056 | Orc:1    | Entered Level 1 of the Orcish Mines
 15218 | Orc:2    | Entered Level 2 of the Orcish Mines
 15218 | Orc:2    | Noticed an orc warlord
 15366 | Lair:1   | Entered Level 1 of the Lair of Beasts
 15388 | Lair:1   | Learned a level 2 spell: Lesser Beckoning
 15443 | Lair:1   | Found a transporter.
 15457 | Lair:1   | Noticed a death yak
 15469 | Lair:1   | Killed a death yak
 15994 | Lair:1   | Noticed a boulder beetle
 16047 | Lair:1   | Killed a boulder beetle
 16048 | Lair:1   | Reached skill level 14 in Shapeshifting
 16450 | Lair:1   | Found a transporter.
 16910 | Lair:2   | Learned a level 2 spell: Momentum Strike
 16930 | Lair:2   | Reached XP level 13. HP: 99/99 MP: 18/18
 17233 | Lair:1   | Reached skill level 1 in Conjurations
 17661 | Lair:2   | Found a staircase to the Swamp.
 17803 | Lair:2   | Reached skill level 15 in Shapeshifting
 17809 | Lair:2   | Reached ****** piety under Uskayaw
 18164 | Lair:2   | Found a hole to the Spider Nest.
 20524 | Lair:4   | Reached skill level 16 in Shapeshifting
 20718 | Lair:4   | Noticed Urug
 21022 | Lair:4   | Reached XP level 14. HP: 109/109 MP: 20/20
 21109 | Lair:4   | Reached skill level 10 in Fighting
 21214 | Lair:4   | Killed Urug
 21471 | Lair:5   | Entered Level 5 of the Lair of Beasts
 21906 | Lair:4   | Reached skill level 5 in Spellcasting
 22213 | Lair:4   | Reached skill level 17 in Shapeshifting
 23138 | Lair:4   | Reached skill level 15 in Dodging
 23644 | Lair:5   | Reached skill level 18 in Shapeshifting
 23816 | Lair:5   | Found a viscous altar of Jiyva.
 23817 | Lair:5   | Found a staircase to the Slime Pits.
 24488 | Lair:5   | Reached XP level 15. HP: 117/117 MP: 19/22
 25003 | D:5      | Killed Driedwater's ghost
 25135 | D:7      | Killed Maggie
 25814 | D:12     | Identified the +0 leather armour of Deunotz {rF+ rC+}
 27631 | D:13     | Identified the staff "Ake Adoy" {^Fragile Stlth- Necro Tloc
                  | Earth}
 27705 | D:13     | Paralysed by something for 2 turns
 27975 | D:13     | Found a gate to the Vaults.
 28124 | D:13     | Found Eddysch's Assorted Antiques.
 28216 | D:13     | Upgraded the game from 0.32-a0-12-g7fc57aa741 to
                  | 0.32-a0-17-gb74e046682
 28620 | D:14     | Found a transporter.
 28629 | D:14     | Reached skill level 19 in Shapeshifting
 28695 | D:14     | Found a transporter.
 28697 | D:14     | Found a transporter.
 29005 | D:14     | Found a transporter.
 29005 | D:14     | Found a transporter.
 30393 | D:15     | Entered Level 15 of the Dungeon
 30862 | D:15     | Identified the blade talisman of Sif Muna's Inspiration
                  | {rElec}
 31330 | D:15     | Found The Oracle's Delphic Readings.
 31343 | D:15     | Learned a level 2 spell: Searing Ray
 31345 | D:15     | Bought a scroll of blinking for 120 gold pieces
 32363 | D:15     | Found a staircase to the Depths.
 32576 | D:13     | Bought a fine glaive for 368 gold pieces
 32576 | D:13     | Identified the +1 glaive "Sudeann" {venom, Str+4 Int+2}
                  | (You bought it in a shop on level 13 of the Dungeon)
 32828 | Lair:1   | Killed from afar by a swamp worm

Illustrated notes

Levels and vault maps discovered:
D:1:      saegor_arrival_simple_e, layout_basic, nicolae_houndstooth_variations
D:2:      layout_loops_cross, uniq_jessica
D:3:      layout_loops_ring, minmay_misc_feat_doors, uniq_crazy_yiuf_cottage
D:4:      layout_basic, hangedman_decor_lopped, uniq_eustachio
D:5:      layout_loops_cross, mainiacjoe_overflow_small_starburst,
          gammafunk_ghost_grave, serial_shops, shop
D:6:      layout_rooms, minmay_temple_entry_nine_rooms, uniq_sigmund,
          uniq_blork_the_orc
D:7:      layout_loops_ring, general_overflow_altar, st_stairs_6, uniq_maggie,
          uniq_joseph, uniq_menkaure
D:8:      layout_cave_pools, zin_statuary, mainiacjoe_overflow_catwalk,
          enter_bailey_5, grunt_decor_arrowhead, kennysheep_generic_room_9,
          uniq_psyche
D:9:      cheibrodos_shockbox, layout_loops_ring, lightli_temple_of_fire,
          mainiacjoe_overflow_alcove_4, serial_shops, shop
D:10:     layout_roguey, pf_just_have_faith, mainiacjoe_overflow_paths,
          david_orc_1_choice, hangedman_misty_isle
D:11:     layout_grid_maze, dpeg_oklobed_lair
D:12:     layout_basic
D:13:     layout_cave_pools, hangedman_vaults_entry_quadrant_bands,
          serial_shops, nicolae_shop_trees
D:14:     gammafunk_the_bubble [the_bubble_gammafunk_roulette],
          layout_irregular_city, minmay_misc_feat_nine_boxes
D:15:     gammafunk_enter_depths_forms, layout_loops_ring,
          nicolae_nh_oracle_at_delphi
Temple:   zaba_magenta_temple
Lair:1:   gammafunk_worm_tunnel, layout_hall_layers, infiniplex_staircase_pool
Lair:2:   layout_small_grid, skrybe_swamp_entry_bodies, spider_nest_entry_webs
Lair:3:   layout_cave_pods, chequers_serial_rivers_micro_a, roderic_batcave,
          grunt_megastairs_2
Lair:4:   layout_roguey, nzn_random_ring, uniq_urug
Lair:5:   minmay_lair_end_frog_pond, layout_hall_layers,
          dpeg_slime_entry_enclosed
Orc:1:    layout_caves
Orc:2:    st_orc_town, layout_caves

Skill      XL: |  1  2  3  4  5  6  7  8  9 10 11 12 13 14 15 |
---------------+----------------------------------------------+-----
Shapeshifting  | 5 6 7 8 9 11 12 14 16 18 19 | 19.4
Dodging        | 3 5 6 7 9 11 12 14 15 16 | 16.6
Stealth        | 1 2 4 |  4.0
Fighting       | 2 3 4 5 6 8 9 10 11 | 11.9
Armour         | 1 2 3 4 |  4.0
Unarmed Combat | 4 5 6 8 10 11 | 11.8
Throwing       | 1 |  1.0
Spellcasting   | 1 2 3 4 5 |  5.0
Translocations | 1 2 3 4 |  4.0
Invocations    | 2 5 |  5.0
Evocations     | 1 3 |  3.0
Conjurations   | 3 |  3.0
Polearms       | |  0.4

Action                     |  1- 3 |  4- 6 |  7- 9 | 10-12 | 13-15 || total
---------------------------+-------+-------+-------+-------+-------++-------
  Melee: Unarmed           |    82 |   141 |   255 |   567 |  1062 ||  2107
         Punch             |     3 |     4 |     8 |    15 |     4 ||    34
         Rapier            |       |       |     4 |       |       ||     4
         Constrict         |       |       |       |    38 |   119 ||   157
         Tailslap          |       |       |       |     1 |     1 ||     2
         Maw               |       |       |       |       |     2 ||     2
  Throw: Stone             |       |    10 |       |       |       ||    10
         Dart              |       |     7 |    28 |    25 |     1 ||    61
         Boomerang         |       |       |    13 |     3 |       ||    16
   Cast: Lesser Beckoning  |       |       |       |     3 |    14 ||    17
         Momentum Strike   |       |       |       |       |    19 ||    19
         Searing Ray       |       |       |       |       |     1 ||     1
 Invoke: Line Pass         |       |       |       |       |     1 ||     1
  Evoke: Wand              |       |       |       |    19 |    44 ||    63
    Use: Scroll            |       |     5 |     8 |    15 |    10 ||    38
         Potion            |       |     1 |     2 |     5 |     7 ||    15
   Stab: Sleeping          |     1 |       |     1 |     1 |     4 ||     7
         Invisible         |       |       |     1 |     1 |       ||     2
         Paralysed         |       |       |     2 |    33 |    82 ||   117
         Distracted        |       |       |       |     1 |     1 ||     2
 Armour: Animal skin       |    45 |    33 |       |       |       ||    78
         Ring mail         |       |    55 |   131 |   241 |       ||   427
         Skin              |       |     8 |     3 |   131 |   656 ||   798
         Chain mail        |       |       |       |       |     3 ||     3
         Leather armour    |       |       |       |       |    49 ||    49
  Dodge: Dodged            |    40 |    90 |   115 |   371 |   949 ||  1565
   Form: Beast             |     2 |     2 |       |     5 |     2 ||    11
                           |     1 |     1 |       |     3 |     1 ||     6
         Flux              |       |     1 |       |     3 |     2 ||     6
         Serpent           |       |       |       |     2 |     4 ||     6
         Blade             |       |       |       |       |     2 ||     2
         Maw               |       |       |       |       |     2 ||     2

Table legend: (Time is in decaauts)
 A = Elapsed time spent in this place.
 B = Non-inter-level travel time spent in this place.
 C = Inter-level travel time spent in this place.
 D = Time resting spent in this place.
 E = Time spent auto-exploring this place.
 F = Levels seen in this place.
 G = Mean time per level.
                   A        B        C        D        E       F      G
               +--------+--------+--------+--------+--------+-----+--------+
         Total |  32512 |  29756 |   2756 |   8917 |  14222 |  23 | 1413.6 |
       Dungeon |  23207 |  20992 |   2215 |   6491 |  10039 |  15 | 1547.1 |
        Temple |     26 |     26 |      0 |      0 |      0 |   1 |   26.0 |
          Lair |   9106 |   8585 |    521 |   2426 |   4055 |   5 | 1821.2 |
  Orcish Mines |    172 |    153 |     19 |      0 |    128 |   2 |   86.0 |
               +--------+--------+--------+--------+--------+-----+--------+

Top non-repeatable levels by time:
  Lair:4: 3269 daAuts
    D:11: 2319 daAuts
    D:15: 2143 daAuts
    D:14: 1909 daAuts
     D:9: 1839 daAuts
    D:10: 1800 daAuts
     D:7: 1792 daAuts
  Lair:1: 1778 daAuts
     D:5: 1679 daAuts
    D:13: 1615 daAuts
    D:12: 1536 daAuts
  Lair:2: 1505 daAuts
     D:3: 1461 daAuts
  Lair:5: 1460 daAuts
     D:4: 1339 daAuts
